 Dungeon Crawl Stone Soup version 0.31-a0-801-gc67433417a (webtiles) character file.

Game seed: 18137765983498840112

3 GordonOverkill the Sneak (level 1, 0/13 HPs)
             Began as a Deep Elf Delver on Sept 20, 2023.
             Slain by a jackal (1 damage)
             ... on level 3 of the Dungeon.
             The game lasted 00:01:17 (168 turns).

GordonOverkill the Sneak (Deep Elf Delver)           Turns: 168, Time: 00:01:18

Health: 0/13       AC:  3    Str:  9    XL:     1   Next: 41%
Magic:  3/3        EV: 12    Int: 14    God:
Gold:   0          SH:  0    Dex: 16    Spells: 0/0 levels left

rFire   . . .        a - +0 short sword
rCold   . . .        (no shield)
rNeg    . . .        b - +0 leather armour
rPois   .            (no helmet)
rElec   .            (no cloak)
rCorr   .            (no gloves)
SInv    .            (no boots)
Will    .....        (no amulet)
Stlth   +++          (no ring)
HPRegen 0.22/turn    (no ring)
MPRegen 0.08/turn

%: no passive effects
@: no status effects
A: no striking features
a: no special abilities


You were on level 3 of the Dungeon.
You visited 1 branch of the dungeon, and saw 4 of its levels.

Inventory:

Hand Weapons
 a - a +0 short sword (weapon)
Armour
 b - a +0 leather armour (worn)
Wands
 g - a wand of digging (3)
Scrolls
 c - a scroll of fog
 e - a scroll of noise {unknown}
Potions
 f - a potion of haste


   Skills:
 + Level 2.6 Fighting
 - Level 2.0 Short Blades
 - Level 2.4 Dodging
 - Level 6.0 Stealth


You couldn't memorise any spells.
You didn't know any spells.
Your spell library contained the following spells:

 Spells                   Type           Power      Damage    Failure   Level
 Inner Flame              Hex/Fire       0%         N/A       77%         3
 Yara's Violent Unravell  Hex/Tmut       0%         3d3       100%        5
 Enfeeble                 Hex            0%         N/A       100%        7


Dungeon Overview and Level Annotations

Branches:
Dungeon (6/15)
 Temple: D:4-7

Altars:


Message History

You bump into the rock wall.
The jackal bites you.
* * * LOW HITPOINT WARNING * * *
The jackal bites you but does no damage.
The jackal bites you.
* * * LOW HITPOINT WARNING * * *
Something tries to affect you, but you resist.
You are too confused!
Unknown command.
Unknown command.
Unknown command.
The adder hisses angrily.
You hit the jackal.
The jackal is heavily wounded.
The jackal bites you but does no damage.
The jackal closely misses you. The jackal barely misses you.
You closely miss the jackal. The jackal bites you.
* * * LOW HITPOINT WARNING * * *
The jackal misses you. The jackal barely misses you.
The jackal bites you but does no damage.
The jackal closely misses you.
You're too confused to move!
The jackal bites you but does no damage.
The jackal bites you.
* * * LOW HITPOINT WARNING * * *
The jackal barely misses you. The giant cockroach misses you.
The jackal bites you but does no damage. x2
The jackal bites you.
* * * LOW HITPOINT WARNING * * *
The jackal bites you but does no damage.
You bump into the rock wall.
The giant cockroach bites you but does no damage.
The jackal bites you.
* * * LOW HITPOINT WARNING * * *
The jackal barely misses you. x3
The giant cockroach bites you but does no damage.
You miss the jackal.
You feel less confused.
The orc shouts!
The jackal barely misses you. The jackal bites you.
You die...

,,,,,,,,,,,,**,,,,,,,,*
,,,,,,,,,.,,*#........#
,,,,,,,,..,,*#........#
,,,,..,...,,*#........#
,,>........###........#
,,,>...,.........<....#
####.###...**#.....$..#
.).......#** #.Bhh....#
.###.....### #.h@h....#
####.....######.#######
o..o.....######S#
####..######....#
####..####....###
####o..###....#
####.#.###.o..#
####.#.#..[...#
#.............#


You could see an adder, an orc, 4 jackals and a giant cockroach.

Vanquished Creatures
  An orc (D:3)
  A quokka (D:3)
2 creatures vanquished.

Notes
Turn   | Place    | Note
-------+----------+-------------------------------------------
     0 | D:5      | GordonOverkill the Deep Elf Delver began the quest for the
                  | Orb.
     0 | D:5      | Reached XP level 1. HP: 13/13 MP: 3/3
     1 | D:6      | Noticed a scorpion
   136 | D:3      | Noticed an orc wizard
   148 | D:3      | Noticed a jelly
   149 | D:3      | Noticed an orc priest
   168 | D:3      | Slain by a jackal

Illustrated notes

Levels and vault maps discovered:
D:3:      layout_rooms, yredelemnul_forgotten_temple_becter, minmay_checkerbox
D:4:      layout_basic
D:5:      layout_gridville, kennysheep_mini_moat, lemuel_blue_sif_altar,
          minmay_joined_circles, uniq_menkaure, uniq_ijyb
D:6:      layout_cave_pools, nicolae_dithmenos_the_darkroom,
          minmay_temple_entry_mini_moons, serial_shops, shop, uniq_grinder,
          uniq_eustachio

Action                     || total
---------------------------++-------
  Melee: Short sword       ||    15
    Use: Scroll            ||     2
 Armour: Leather armour    ||    26
  Dodge: Dodged            ||    19

Table legend: (Time is in decaauts)
 A = Elapsed time spent in this place.
 B = Non-inter-level travel time spent in this place.
 C = Inter-level travel time spent in this place.
 D = Time resting spent in this place.
 E = Time spent auto-exploring this place.
 F = Levels seen in this place.
 G = Mean time per level.
                   A        B        C        D        E       F      G
               +--------+--------+--------+--------+--------+-----+--------+
         Total |    166 |    166 |      0 |     49 |     24 |   4 |   41.5 |
       Dungeon |    166 |    166 |      0 |     49 |     24 |   4 |   41.5 |
               +--------+--------+--------+--------+--------+-----+--------+

Top non-repeatable levels by time:
     D:3: 98 daAuts
     D:5: 45 daAuts
     D:4: 19 daAuts
     D:6: 2 daAuts
